Map: Bridgehead LE (Void)

Players

LegitQuinn

  • Race: Terran Terran
  • League: Platinum

Mattiika

  • Race: Terran Terran
  • League: Silver

MoonLjth - Winner!

  • Race: Protoss Protoss
  • League: Grandmaster

iQuitBYE - Winner!

  • Race: Protoss Protoss
  • League: Grandmaster

VOD

Have the link to the VOD?

Description

Time

  • Played on: Oct. 3, 2015, 4:54 p.m.
  • Length: 8:41
Show
View Real Time Build Order
Export as new Build Order

LegitQuinn Terran 

Build Orders: Mech 

Get SALT Encoding   

  12  0:01  SCV  
  13  0:13  SCV  
  14  0:23  Supply Depot  
  14  0:25  SCV  
  15  0:39  Refinery  
  15  0:45  SCV  
  15  0:48  Barracks  
  17  0:57  SCV  
  17  1:09  SCV  
  18  1:20  Barracks  
  18  1:21  SCV  
  19  1:26  Supply Depot  
  19  1:37  Orbital Command  
  19  1:42  Reaper  
  20  1:50  Supply Depot  
  20  1:58  Bunker  
  20  2:06  SCV  
  21  2:09  Reaper  
  21  2:14  Reaper  
  23  2:19  SCV  
  24  2:24  Bunker  
  24  2:35  Supply Depot, SCV  
  24  2:41  Reaper  
  25  2:52  SCV  
  25  3:05  Command Center  
  25  3:15  SCV  
  25  3:19  Refinery  
  25  3:20  Factory  
  25  3:27  SCV  
  25  3:46  Barracks Reactor  
  25  3:48  SCV  
  26  3:55  Factory  
  26  4:00  Command Center, SCV  
  27  4:12  SCV  
  27  4:15  Factory  
  28  4:20  Orbital Command  
  28  4:24  SCV  
  29  4:31  Barracks Reactor  
  29  4:34  Hellion  
  29  4:35  Hellion  
  29  4:36  SCV  
  34  4:41  Factory Reactor  
  34  4:48  SCV x2  
  35  4:58  Hellion  
  37  5:00  Factory Tech Lab, SCV  
  37  5:01  SCV  
  37  5:03  Hellion  
  37  5:13  SCV x2  
  39  5:17  Widow Mine  
  39  5:18  Widow Mine  
  39  5:21  Widow Mine  
  40  5:23  Widow Mine  
  44  5:29  Siege Tank  
  46  5:39  SCV  
  47  5:46  Widow Mine  
  47  5:47  Widow Mine  
  40  6:02  Widow Mine x2  
  44  6:05  SCV x2  
  44  6:06  Orbital Command  
  46  6:11  Widow Mine  
  46  6:14  Widow Mine  
  46  6:17  SCV  
  48  6:19  Orbital Command  
  48  6:35  Hellion  
  48  6:36  Hellion x2  
  52  6:43  SCV x2  
  43  6:55  SCV x2, Siege Tank  
  40  7:08  SCV x2  
  41  7:26  Hellion x3  
  41  7:27  Siege Tank  
  48  7:45  Hellion  
  48  7:47  Hellion x2  
  51  8:01  SCV  
  51  8:02  Hellion x2  
  56  8:07  Supply Depot  
  56  8:12  Supply Depot  
  56  8:13  SCV  
Show
View Real Time Build Order
Export as new Build Order

Mattiika Terran 

Build Orders:  

Get SALT Encoding   

  12  0:01  Probe (Chrono Boost)  
  13  0:14  Pylon  
  13  0:17  Probe (Chrono Boost)  
  14  0:28  Probe (Chrono Boost)  
  15  0:38  Probe (Chrono Boost)  
  15  0:40  Gateway  
  16  0:47  Assimilator  
  16  0:49  Probe (Chrono Boost)  
  17  1:00  Probe (Chrono Boost)  
  19  1:11  Probe (Chrono Boost)  
  19  1:21  Nexus  
  19  1:31  Cybernetics Core  
  19  1:34  Probe (Chrono Boost)  
  19  1:38  Assimilator  
  20  1:51  Probe (Chrono Boost), Pylon  
  22  2:01  Probe (Chrono Boost)  
  22  2:09  Warp Gate  
  22  2:12  Mothership Core (Chrono Boost)  
  22  2:14  Adept  
  26  2:28  Pylon  
  26  2:31  Probe (Chrono Boost)  
  26  2:34  Probe (Chrono Boost)  
  28  2:42  Probe (Chrono Boost)  
  29  2:44  Robotics Facility  
  29  2:46  Probe (Chrono Boost)  
  30  2:52  Probe (Chrono Boost)  
  30  2:57  Probe (Chrono Boost)  
  31  3:09  Probe (Chrono Boost)  
  31  3:10  Probe (Chrono Boost)  
  33  3:13  Pylon  
  33  3:19  Probe (Chrono Boost)  
  34  3:21  Probe (Chrono Boost)  
  34  3:25  Adept  
  37  3:27  Pylon  
  37  3:30  Probe (Chrono Boost)  
  37  3:31  Probe (Chrono Boost)  
  39  3:39  Warp Prism  
  37  3:44  Gateway  
  37  3:47  Probe (Chrono Boost)  
  37  3:48  Probe (Chrono Boost)  
  41  3:59  Probe (Chrono Boost)  
  41  4:00  Gateway  
  41  4:02  Probe (Chrono Boost)  
  43  4:12  Probe (Chrono Boost)  
  43  4:13  Probe (Chrono Boost)  
  45  4:20  Twilight Council  
  45  4:21  Assimilator  
  45  4:23  Probe (Chrono Boost)  
  45  4:24  Probe (Chrono Boost), Adept  
  47  4:25  Observer  
  50  4:33  Assimilator  
  50  4:34  Probe (Chrono Boost)  
  50  4:36  Probe (Chrono Boost)  
  53  4:47  Probe (Chrono Boost)  
  53  4:48  Probe (Chrono Boost)  
  53  4:51  Adept x2  
  58  4:59  Probe (Chrono Boost)  
  60  5:00  Probe (Chrono Boost)  
  60  5:04  Gateway, Observer  
  60  5:06  Forge  
  61  5:11  Probe (Chrono Boost)  
  61  5:12  Stalker, Probe (Chrono Boost)  
  61  5:13  Stalker x2  
  69  5:23  Probe (Chrono Boost)  
  70  5:35  Pylon  
  70  5:37  Pylon  
  70  5:46  Protoss Ground Weapons Level 1  
  70  5:48  Probe x2 (Chrono Boost)  
  70  5:50  Gateway  
  70  5:54  Observer  
  69  6:00  Probe x2 (Chrono Boost)  
  69  6:01  Stalker x2  
  69  6:02  Stalker  
  77  6:12  Probe x2 (Chrono Boost)  
  77  6:15  Observer  
  76  6:20  Stalker  
  76  6:21  Blink  
  76  6:25  Probe x2 (Chrono Boost), Nexus  
  80  6:27  Adept x3, Pylon  
  80  6:28  Pylon  
  84  6:41  Probe x2 (Chrono Boost)  
  80  6:50  Warp Prism  
  80  6:53  Probe x2 (Chrono Boost)  
  82  6:57  Gateway  
  82  6:58  Gateway  
  82  7:05  Probe x2 (Chrono Boost)  
  82  7:09  Stalker x4, Pylon  
  86  7:17  Probe x2 (Chrono Boost)  
  86  7:24  Photon Cannon  
  86  7:25  Photon Cannon  
  86  7:29  Probe (Chrono Boost)  
  87  7:30  Stalker  
  87  7:33  Stalker x2  
  87  7:34  Stalker  
  96  7:37  Probe (Chrono Boost)  
  96  7:41  Probe (Chrono Boost)  
  96  7:43  Probe (Chrono Boost)  
  96  7:49  Probe (Chrono Boost)  
  97  7:52  Stalker  
  97  7:53  Probe x2 (Chrono Boost)  
  97  7:55  Stalker  
  97  7:57  Stalker  
  103  8:02  Probe (Chrono Boost)  
  103  8:05  Probe (Chrono Boost), Photon Cannon  
  105  8:08  Probe (Chrono Boost)  
  107  8:14  Probe (Chrono Boost)  
  107  8:19  Assimilator  
  107  8:24  Stalker  
  107  8:25  Stalker x4  
Show
View Real Time Build Order
Export as new Build Order

MoonLjth Protoss - Winner!

Build Orders:  

Get SALT Encoding   

Show
View Real Time Build Order
Export as new Build Order

iQuitBYE Protoss - Winner!

Build Orders:  

Get SALT Encoding   

Tags
 
Add a new tag
Caveats
  • Supply blocks, unpowered buildings, or Contaminate may cause inaccurate times.
  • Supply counts are checked every 10 seconds.